 Dungeon Crawl Stone Soup version 0.22-a0-433-gd2a9cce0b5 (webtiles) character file.

36 Ordine the Poker (level 3, 0/27 HPs)
             Began as a Merfolk Skald on May 29, 2018.
             Slain by a bat (1 damage)
             ... on level 2 of the Dungeon.
             The game lasted 00:04:00 (1112 turns).

Ordine the Poker (Merfolk Skald)                    Turns: 1112, Time: 00:04:01

Health: 0/27       AC:  4    Str: 11    XL:     3   Next: 37%
Magic:  3/6        EV: 12    Int: 13    God:
Gold:   106        SH:  0    Dex: 13    Spells: 1/6 levels left

rFire    . . .     SeeInvis .   a - +0 spear
rCold    . . .     Gourm    .   (no shield)
rNeg     . . .     Faith    .   b - +0 leather armour
rPois    .         Spirit   .   (no helmet)
rElec    .         Reflect  .   (no cloak)
rCorr    .         Harm     .   c - +0 pair of gloves
MR       .....                  (no boots)
Stlth    +.........             (no amulet)
HPRegen  0.09/turn              (no ring)
MPRegen  0.10/turn              (no ring)

@: singing
A: change form in water, swift swim, stealthy swim
a: no special abilities


You were on level 2 of the Dungeon.
You were not hungry.

You visited 1 branch of the dungeon, and saw 2 of its levels.

You collected 106 gold pieces.

Inventory:

Hand Weapons
 a - a +0 spear (weapon)
Armour
 b - a +0 leather armour (worn)
 c - a +0 pair of gloves (worn)
 k - a +0 shield
Scrolls
 e - a scroll of immolation
 h - 2 scrolls of teleportation
Potions
 g - 3 potions of brilliance
 i - a potion of might
 j - a potion of lignification
Comestibles
 d - a ration


   Skills:
 - Level 2.1 Fighting
 + Level 4.3 Polearms
 - Level 0.6 Armour
 - Level 2.6 Dodging
 - Level 2.0 Spellcasting
 + Level 4.1 Charms


You had one spell level left.
You knew the following spells:

 Your Spells              Type           Power        Failure   Level  Hunger
a - Infusion              Chrm           ##..         6%          1    ##.....
b - Song of Slaying       Chrm           ##......     10%         2    ###....
c - Shroud of Golubria    Chrm/Tloc      #.........   22%         2    ###....

Your spell library contained the following spells:

 Spells                   Type           Power        Failure   Level  Hunger
 Regeneration             Chrm/Necr      #.........   41%         3    ####...
 Spectral Weapon          Hex/Chrm       #.......     41%         3    ####...


Dungeon Overview and Level Annotations

Branches:
Dungeon (2/15)

Altars:


Message History

Space distorts slightly along a thin shroud covering your body.
You hit the ogre.
The ogre is lightly wounded.
You hit the ogre.
The ogre is moderately wounded.
A bat comes into view.
The ogre hits you with a giant club!
Ouch! That really hurt!
* * * LOW HITPOINT WARNING * * *
Your shroud falls apart!
The bat moves out of view.
Unknown command.
The bat misses you. The bat closely misses you. The bat hits you.
* * * LOW HITPOINT WARNING * * *
The bat misses you.
A quokka comes into view.
The bat hits you.
You die...

#### #............... ...
+............... #.#
#...............
#######.#############........##.
.............................+..
.##.##.##+##########........###
#.##.............#........)..
#..........O.....#....[......
#####.......b@....#...........
#.................#...........
#.###.............#...........
###r###########........... #.#
............ #.# ###...
#####'###.# ..... #.........#
##### .............#


You could see an ogre, a quokka (wandering) and a bat.

Vanquished Creatures
  An ooze (D:2)
  A dart slug (D:2)
  A leopard gecko (D:2)
  An orc (D:2)
  2 giant cockroaches
  2 goblins (D:1)
  5 kobolds
  2 ball pythons
  5 bats
  4 frilled lizards
  7 rats
31 creatures vanquished.

Notes
Turn   | Place    | Note
-------+----------+-------------------------------------------
     0 | D:1      | Ordine the Merfolk Skald began the quest for the Orb.
     0 | D:1      | Reached XP level 1. HP: 16/16 MP: 3/3
   208 | D:1      | Reached XP level 2. HP: 22/22 MP: 5/5
   869 | D:2      | Learned a level 2 spell: Song of Slaying
   872 | D:2      | Learned a level 2 spell: Shroud of Golubria
   916 | D:2      | Reached XP level 3. HP: 27/27 MP: 6/6
  1097 | D:2      | Noticed an ogre
  1106 | D:2      | HP: 1/27 [ogre/giant club (17)]
  1112 | D:2      | Slain by a bat

Vault maps used:
D:1:      enne_arrival_octagon_isle

Skill      XL: |  1  2  3 |
---------------+----------+-----
Polearms       | 4 |  4.3
Charms         | 4 |  4.1
Fighting       | |  2.1
Armour         | |  0.6
Dodging        | |  2.6
Spellcasting   | |  2.0

Action                   || total
-------------------------++-------
Melee: Spear             ||   100
 Cast: Infusion          ||     2
       Shroud of Golubri ||     1
       Song of Slaying   ||     1
  Use: Scroll            ||     6
 Stab: Sleeping          ||     1
  Eat: Chunk             ||     1
Armor: Leather armour    ||    18
Dodge: Dodged            ||    41

Table legend:
 A = Spawn XP
 B = Non-spawn XP
 C = Spawn XP percentage of total XP
 D = Spawn monster count
 E = Non-spawn monster count
 F = Spawn count percentage of total count
 G = Total turns spent on level
                    A         B        C        D         E        F      G
               +---------+---------+-------+---------+---------+-------+---------
         Total |       0 |      52 |   0.0 |       0 |      31 |   0.0 |  1112
               +---------+---------+-------+---------+---------+-------+---------
           D:1 |       0 |      19 |   0.0 |       0 |      14 |   0.0 |   574
           D:2 |       0 |      33 |   0.0 |       0 |      17 |   0.0 |   538
               +---------+---------+-------+---------+---------+-------+---------
